Map: Dusk Towers

Players

LilDicky - Winner!

  • Race: Terran Terran
  • League: Diamond

BabyCrusher

  • Race: Protoss Protoss
  • League: Platinum

VOD

http://www.twitch.tv/tumescentpie

Description

Time

  • Played on: Dec. 10, 2015, 3:40 p.m.
  • Length: 6:01
Show
View Real Time Build Order
Export as new Build Order

LilDicky Terran - Winner!

Build Orders: MMM Bio 

Get SALT Encoding   

  12  0:05  SCV  
  13  0:17  SCV  
  14  0:21  Supply Depot  
  14  0:29  SCV  
  15  0:43  SCV  
  15  0:45  Refinery  
  15  0:47  Barracks  
  16  0:55  SCV  
  17  1:07  SCV  
  18  1:19  SCV  
  19  1:31  SCV  
  20  1:40  Marine  
  20  1:43  Supply Depot  
  21  1:53  Factory  
  21  1:56  Orbital Command  
  21  2:06  Marine  
  22  2:09  Barracks  
  22  2:14  Barracks  
  22  2:15  Refinery  
  22  2:26  SCV  
  23  2:32  Barracks Reactor  
  23  2:38  Supply Depot, SCV  
  24  2:50  SCV  
  25  3:00  Barracks Tech Lab  
  25  3:01  Barracks Tech Lab  
  25  3:03  SCV, Widow Mine  
  28  3:08  Supply Depot  
  28  3:09  Marine x2  
  30  3:15  SCV  
  31  3:24  Combat Shields  
  31  3:25  Stimpack, Marine x2  
  31  3:27  SCV, Marine  
  33  3:31  Supply Depot  
  33  3:32  Marine  
  36  3:44  Marauder x2  
  36  3:45  Marine  
  36  3:46  SCV  
  42  3:49  Widow Mine  
  42  3:50  Marine  
  45  3:58  SCV  
  46  4:03  Marine  
  46  4:04  Starport  
  46  4:06  Marine  
  46  4:07  Marine  
  49  4:14  Supply Depot  
  48  4:42  Marauder, Marine x2  
  48  4:43  Marauder  
  54  4:51  Medivac  
  56  4:53  Concussive Shells  
  56  4:59  Marine  
  54  5:04  Supply Depot, Marauder x2  
  59  5:08  Marine  
  58  5:17  Marine  
  58  5:20  SCV  
  58  5:21  Medivac  
  62  5:26  Marauder x2  
  66  5:32  Supply Depot  
  66  5:34  SCV  
Show
View Real Time Build Order
Export as new Build Order

BabyCrusher Protoss 

Build Orders:  

Get SALT Encoding   

  12  0:11  Pylon  
  12  0:13  Probe (Chrono Boost)  
  13  0:23  Probe (Chrono Boost)  
  14  0:34  Probe (Chrono Boost)  
  15  0:44  Probe (Chrono Boost)  
  16  0:54  Gateway  
  16  0:55  Probe (Chrono Boost)  
  16  0:56  Assimilator  
  17  1:01  Assimilator  
  17  1:05  Probe (Chrono Boost)  
  18  1:16  Probe (Chrono Boost)  
  19  1:19  Pylon  
  19  1:27  Probe (Chrono Boost)  
  20  1:37  Probe (Chrono Boost)  
  21  1:48  Probe (Chrono Boost)  
  22  2:14  Nexus  
  22  2:30  Nexus  
  21  2:47  Probe (Chrono Boost)  
  21  2:51  Cybernetics Core  
  22  2:54  Gateway  
  22  2:58  Gateway  
  22  3:01  Probe (Chrono Boost)  
  23  3:19  Probe (Chrono Boost)  
  24  3:29  Robotics Facility  
  24  3:33  Warp Gate (Chrono Boost)  
  24  3:45  Stalker  
  24  4:07  Stalker  
  25  4:18  Observer (Chrono Boost)  
  25  4:19  Stalker, Probe  
  25  4:20  Probe  
  30  4:33  Probe  
  30  4:35  Probe  
  30  4:47  Probe  
  31  4:55  Observer (Chrono Boost)  
  30  5:02  Probe  
  30  5:05  Probe  
  30  5:15  Probe  
  30  5:16  Probe  
  32  5:25  Probe  
  32  5:27  Probe  
  38  5:33  Stalker  
Tags
 
Add a new tag
Caveats
  • Supply blocks, unpowered buildings, or Contaminate may cause inaccurate times.
  • Supply counts are checked every 10 seconds.